 Dungeon Crawl Stone Soup version 0.27.1-1-g398f81649c (webtiles) character file.

Game seed: 15929460063857131216

1103 dtburroughs the Skirmisher (level 8, -2/70 HPs)
             Began as a Minotaur Berserker on Sept 11, 2021.
             Was a Believer of Trog.
             Shot with an arrow by a centaur (4 damage)
             ... on level 5 of the Dungeon.
             The game lasted 00:05:24 (4016 turns).

dtburroughs the Skirmisher (Minotaur Berserker)     Turns: 4016, Time: 00:05:24

Health: -2/70      AC: 10    Str: 22    XL:     8   Next: 11%
Magic:  7/7        EV: 11    Int:  6    God:    Trog [**....]
Gold:   238        SH:  0    Dex: 10    Spells: 7/7 levels left

rFire    . . .     SeeInvis .   q - +0 broad axe
rCold    . . .     Faith    .   (no shield)
rNeg     . . .     Spirit   .   d - +0 scale mail
rPois    .         Reflect  .   r - +2 hat
rElec    .         Harm     .   (no cloak)
rCorr    .         Rampage  .   p - +0 pair of gloves
Will     ++...                  (no boots)
Stlth    ..........             (no amulet)
HPRegen  1.21/turn              (no ring)
MPRegen  0.10/turn              (no ring)

@: marked, strong-willed, regenerating
A: horns 2, retaliatory headbutt
a: Renounce Religion, Berserk, Trog's Hand


You were on level 5 of the Dungeon.
You worshipped Trog.
Trog was pleased with you.
You visited 1 branch of the dungeon, and saw 5 of its levels.

You collected 238 gold pieces.

Inventory:

Hand Weapons
 a - a +0 hand axe
 q - a +0 broad axe (weapon)
Missiles
 l - 2 throwing nets (quivered)
Armour
 b - a +0 animal skin
 d - a +0 scale mail (worn)
 p - a +0 pair of gloves (worn)
 r - a +2 hat (worn)
Wands
 j - a wand of acid (8)
Scrolls
 f - a scroll of magic mapping {unknown}
 g - 2 scrolls of amnesia {unknown}
 h - 2 scrolls of noise {unknown}
 i - a scroll of enchant armour {unknown}
 k - 2 scrolls of blinking {unknown}
 n - 4 scrolls of immolation {unknown}
 o - a scroll of brand weapon {unknown}
Potions
 c - 2 potions of heal wounds {unknown}
 e - 2 potions of attraction {unknown}
 m - a potion of curing {unknown}
 s - 2 potions of resistance {unknown}


   Skills:
 + Level 6.3 Fighting
 + Level 6.3 Axes
 + Level 5.6 Armour
 + Level 5.1 Dodging
 + Level 3.4 Evocations


You had 7 spell levels left.
You didn't know any spells.
Your spell library was empty.

Dungeon Overview and Level Annotations

Branches:
Dungeon (5/15)
 Temple: D:4-7

Altars:

Shops:
D:1 *

Annotations:
D:4 2 transporters, acemry's ghost, amateur MiFi


Innate Abilities, Weirdness & Mutations

You have a pair of horns on your head.
You reflexively headbutt those who attack you in melee.


Message History

The orc wizard casts a spell.
The orc wizard flickers and vanishes!
The adder closely misses you. The orc priest hits you with a +0 club.
The centaur shoots an arrow.
The arrow hits you but does no damage.
An orc comes into view. It is wielding a +0 flail.
An orc priest comes into view. It is wielding a +0 whip.
The centaur shoots an arrow.
The arrow hits you.
A white imp comes into view.
The orc priest calls down the wrath of Beogh upon you.
Beogh smites you!
A sky beast appears from thin air!
Reactivating autopickup.
The adder closely misses you.
Your skin crawls.
You feel strong-willed. The adder barely misses you.
The centaur shoots an arrow.
The arrow misses you.
The orc priest invokes the aid of Beogh against you.
Beogh smites you!
The centaur shoots an arrow.
The arrow barely misses you.
There is an escape hatch in the floor here.
The sky beast flickers out of sight!
Deactivating autopickup; reactivate with Ctrl-A.
The adder bites you but does no damage.
The orc priest calls down the wrath of Beogh upon you.
Beogh smites you!
* * * LOW HITPOINT WARNING * * *
An orc wizard comes into view. It is wielding a +0 dagger.
The orc priest invokes the aid of Beogh against you.
Something writhes in agony.
The orc wizard mumbles some strange words.
The orc wizard flickers and vanishes!
The orc priest calls down the wrath of Beogh upon you.
Beogh smites you!
* * * LOW HITPOINT WARNING * * *
The centaur shoots an arrow.
The arrow hits you.
* * * LOW HITPOINT WARNING * * *
The adder bites you but does no damage.
The centaur shoots an arrow.
The arrow hits you.
* * * LOW HITPOINT WARNING * * *
The centaur shoots an arrow.
The arrow hits you.
You die...

#.....# ##.....#
#.....### ###.......##
#..........#
###........##
######.#.........#
##.##.#Zo.........#
#.@S...#..>o......#
##.#....oo..........##
#.........o..5......##
#........cZ.{........#
#...........##...oo...
##..................##
#..............#.....
#...........#......5.
#...........##.......


You could see a centaur, 3 orc priests, an adder, an orc, a scorpion zombie and
a water moccasin skeleton.

Vanquished Creatures
  Pikel (D:4)
  Grinder (D:3)
  Sigmund (D:3)
  An ogre (D:4)
  3 lemures (D:4)
  Jessica (D:3)
  2 orc wizards
  A hound skeleton (D:4)
  An adder (D:2)
  3 gnolls (D:3)
  An adder skeleton (D:4)
  A worm (D:3)
  A dart slug (D:1)
  8 orcs
  5 ball pythons
  9 endoplasms
  3 giant cockroaches
  6 goblins
  5 hobgoblins
  8 bats
  2 frilled lizards
  4 kobolds
  7 rats
75 creatures vanquished.

Notes
Turn   | Place    | Note
-------+----------+-------------------------------------------
     0 | D:1      | dtburroughs the Minotaur Berserker began the quest for the
                  | Orb.
     0 | D:1      | Reached XP level 1. HP: 19/19 MP: 0/0
   211 | D:1      | Reached XP level 2. HP: 27/27 MP: 1/1
   751 | D:1      | Found Kexeyv's General Store.
   998 | D:2      | Reached XP level 3. HP: 31/33 MP: 2/2
  1130 | D:2      | Reached ** piety under Trog
  1725 | D:3      | Noticed Grinder
  1734 | D:3      | Paralysed by Grinder for 2 turns
  1737 | D:3      | Killed Grinder
  1738 | D:3      | Reached skill level 1 in Evocations
  1738 | D:3      | Reached XP level 4. HP: 8/41 MP: 3/3
  1738 | D:3      | Reached XP level 5. HP: 9/47 MP: 4/4
  1738 | D:3      | Reached XP level 6. HP: 11/55 MP: 5/5
  1739 | D:3      | Reached skill level 5 in Fighting
  2207 | D:3      | Noticed Sigmund
  2222 | D:3      | Killed Sigmund
  2223 | D:3      | Reached skill level 5 in Axes
  2476 | D:3      | Noticed Jessica
  2498 | D:3      | Killed Jessica
  2920 | D:4      | Found a transporter.
  2927 | D:4      | Found a transporter.
  2932 | D:4      | Noticed acemry's ghost (amateur MiFi)
  2963 | D:4      | Reached XP level 7. HP: 33/61 MP: 6/6
  3582 | D:4      | Noticed Pikel
  3593 | D:4      | Killed Pikel
  3594 | D:4      | Reached skill level 5 in Armour
  3594 | D:4      | Reached skill level 5 in Dodging
  3594 | D:4      | Reached XP level 8. HP: 25/70 MP: 7/7
  3877 | D:5      | Entered Level 5 of the Dungeon
  4012 | D:5      | HP: 2/70 [centaur/arrow (4)]
  4016 | D:5      | Shot with an arrow by a centaur

Illustrated notes

Levels and vault maps discovered:
D:1:      scummos_arrival_simple_crosswalls, layout_basic, serial_shops,
          nicolae_shop_window_shopping, shapermc_ecumenical_altar_petra,
          minivault_19, minmay_tetromino_i4
D:2:      layout_loops_ring
D:3:      layout_rooms, chequers_mini_garden, uniq_grinder, uniq_jessica,
          uniq_sigmund
D:4:      layout_rooms, gammafunk_ghost_stat_death, uniq_pikel
D:5:      layout_cave_pools

Skill      XL: |  1  2  3  4  5  6  7 |
---------------+----------------------+-----
Fighting       | 4 5 6 |  6.3
Axes           | 4 5 6 |  6.3
Armour         | 3 4 5 |  5.6
Dodging        | 3 4 5 |  5.1
Evocations     | 1 2 3 |  3.4

Action                   |  1- 3 |  4- 6 |  7- 9 || total
-------------------------+-------+-------+-------++-------
Melee: Hand axe          |    73 |    23 |       ||    96
       Headbutt          |    15 |     5 |    12 ||    32
       Broad axe         |       |     5 |    40 ||    45
Invok: Berserk           |     1 |     1 |     1 ||     3
       Trog's Hand       |       |       |     1 ||     1
Armor: Animal skin       |     9 |       |       ||     9
       Scale mail        |    25 |    12 |    25 ||    62
Dodge: Dodged            |    62 |    12 |    50 ||   124
